 Dungeon Crawl Stone Soup version 0.25-a0-185-g6cfeca75b2 (webtiles) character file.

Game seed: 12873002215547639, levelgen mode: deterministic

2353 vurker the Gusty (level 9, -9/39 HPs)
             Began as a Felid Air Elementalist on Nov 27, 2019.
             Shot with an arrow by a centaur (14 damage)
             ... on level 7 of the Dungeon.
             The game lasted 00:18:22 (8917 turns).

vurker the Gusty (Felid Air Elementalist)           Turns: 8917, Time: 00:18:22

Health: -9/39      AC:  2    Str:  4    XL:     9   Next: 20%
Magic:  21/28      EV: 22    Int: 19    God:
Gold:   326        SH:  0    Dex: 17    Spells: 10/20 levels left
                                        Lives:  0   Deaths: 2

rFire    . . .     SeeInvis +   (weapon unavailable)
rCold    + . .     Gourm    .   (shield unavailable)
rNeg     . . .     Faith    .   (armour unavailable)
rPois    .         Spirit   .   (helmet unavailable)
rElec    .         Reflect  .   (cloak unavailable)
rCorr    .         Harm     +   (gloves unavailable)
MR       +....                  (boots unavailable)
Stlth    +++.......             b - amulet of harm
HPRegen  0.13/turn              r - ring of protection from cold
MPRegen  0.21/turn              q - ring of magical power

@: quick
A: very small, no armour, no weapons or thrown items, stealth, claws 1, fangs 3,
see invisible, carnivore, speed 1, shaggy fur 2, slow metabolism 1, sharp paws
a: no special abilities


You were on level 7 of the Dungeon.
You were very full.

You visited 2 branches of the dungeon, and saw 8 of its levels.

You collected 326 gold pieces.

Inventory:

Jewellery
 b - an amulet of harm (around neck)
   (You found it on level 4 of the Dungeon)
 i - an uncursed ring of protection from fire
   (You found it on level 1 of the Dungeon)
 q - a ring of magical power (right paw)
   (You found it on level 3 of the Dungeon)
 r - a ring of protection from cold (left paw)
   (You found it on level 5 of the Dungeon)
Wands
 f - a wand of clouds (1)
   (You found it on level 4 of the Dungeon)
 t - a wand of flame (18)
   (You found it on level 4 of the Dungeon)
Scrolls
 a - 2 scrolls of blinking {unknown}
 c - a scroll of enchant weapon {unknown}
 d - a scroll of amnesia {unknown}
 g - 3 scrolls of remove curse
 j - a scroll of teleportation {unknown}
 s - 4 scrolls of identify
 v - a scroll of fear {unknown}
 w - a scroll of magic mapping {unknown}
 x - a scroll of immolation {unknown}
Potions
 h - 8 potions of curing
 k - 2 potions of brilliance
 l - a potion of invisibility {unknown}
 m - 2 potions of mutation
 o - a potion of flight
 p - a potion of heal wounds {unknown}
 u - a potion of lignification {unknown}
 z - a potion of berserk rage {unknown}
Comestibles
 e - 8 rations


   Skills:
 + Level 4.3 Fighting
 + Level 6.5 Dodging
 - Level 2.6 Stealth
 * Level 6.3 Spellcasting
 * Level 6.0 Conjurations
 * Level 6.6 Air Magic


You had 10 spell levels left.
You knew the following spells:

 Your Spells              Type           Power        Failure   Level  Hunger
a - Shock                 Conj/Air       ####         1%          1    None
b - Lightning Bolt        Conj/Air       ####......   22%         5    #####..
c - Airstrike             Air            ####......   7%          4    ####...

Your spell library contained the following spells:

 Spells                   Type           Power        Failure   Level  Hunger
 Static Discharge         Conj/Air       ####....     2%          3    ##.....
 Swiftness                Chrm/Air       ###.....     4%          2    None


Dungeon Overview and Level Annotations

Branches:
Dungeon (7/15)             Temple (1/1) D:6

Altars:
Ashenzari
Cheibriados
Dithmenos
Elyvilon
Fedhas
Kikubaaqudgha
Makhleb
Nemelex Xobeh
Ru
Sif Muna
Trog
Vehumet
Wu Jian
Xom
Zin
The Shining One


Innate Abilities, Weirdness & Mutations

You cannot wear armour.
You are incapable of wielding weapons or throwing items.
Your paws allow you to move quietly. (Stealth)
You have sharp claws.
You have razor-sharp teeth.
You have supernaturally acute eyesight. (SInv)
You are carnivorous and can eat meat at any time.
You cover ground quickly.
You are covered in thick fur. (AC +2)
You have a slow metabolism.
Your sharp claws are effective at attacking unaware monsters.


Message History

You see here a hand axe.
You see here a dagger.
There is a stone staircase leading down here.
You climb downwards.
A bullfrog, 4 orcs and a centaur come into view.
The bullfrog gives a loud, deep croak!
The centaur shouts!
The orc warrior shouts!
Found four items.
There is a stone staircase leading up here.
The centaur wields a +0 shortbow.
The centaur shoots an arrow.
The arrow completely misses you.
You climb upwards.
There is a stone staircase leading down here.
Things that are here:
4 boomerangs; a +0 robe; a +2 scimitar You see here a mace.
There is a stone staircase leading down here.
You climb downwards.
A worker ant comes into view.
There is a stone staircase leading up here.
Aim: a worker ant (resting)
The zap hits the worker ant!
The worker ant twitches its antennae in your direction.
Aim: a worker ant (heavily wounded)
The zap hits the worker ant but does no damage.
Aim: a worker ant (heavily wounded)
The zap hits the worker ant but does no damage.
Aim: a worker ant (heavily wounded)
The zap hits the worker ant.
Aim: a worker ant (severely wounded)
The zap hits the worker ant.
Aim: a worker ant (almost dead)
The zap hits the worker ant!
You kill the worker ant!
Found a glowing flail.
You see here a glowing flail.
A centaur comes into view.
Aim: a centaur (resting)
The air twists around and strikes the centaur!
The centaur shouts!
The centaur wields a +3 shortbow.
The centaur shoots an arrow.
The arrow hits you!
The centaur shoots an arrow.
The arrow hits you!
* * * LOW HITPOINT WARNING * * *
You start resting.
The centaur is too close now for your liking.
Aim: a centaur, wielding a +3 shortbow (heavily wounded)
The air twists around and strikes the centaur.
The centaur shoots an arrow.
The arrow completely misses you.
The centaur shoots an arrow.
The arrow hits you!
You die...

##..##.###..#
#......)....#
#...........#
+...........#
##...####...#
##...####...#
#...........#
#.....c.....#
##(@###.....#
#+## .....#
.....# .....#
.....# .....#
....c# ....
....


You could see a centaur.

Vanquished Creatures
  A two-headed ogre (D:6)
  Pikel (D:4)
  Eustachio (D:4)
  Menkaure (D:5)
  2 slaves (D:4)
  A sky beast (D:5)
  2 black bears (D:6)
  A centaur (D:4)
  A phantom (D:4)
  2 ogres
  A bullfrog (D:6)
  2 scorpions
  4 wights
  2 howler monkeys
  A crimson imp (D:5)
  3 hounds
  Crazy Yiuf (D:5)
  2 orc wizards (D:4)
  An iguana (D:5)
  3 worker ants
  A hound skeleton (D:4)
  2 worker ant zombies
  7 gnolls
  2 adders (D:3)
  An ooze (D:1)
  2 adder skeletons (D:4)
  An adder zombie (D:5)
  3 worms
  4 leopard geckos
  16 orcs
  8 bats
  4 giant cockroaches
  7 hobgoblins
  5 jackals
  3 quokkas
  6 frilled lizards
  7 goblins
  15 kobolds
  4 rats
131 creatures vanquished.

Vanquished Creatures (others)
  Ijyb (D:4)
1 creature vanquished.

Grand Total: 132 creatures vanquished

Notes
Turn   | Place    | Note
-------+----------+-------------------------------------------
     0 | D:1      | vurker the Felid Air Elementalist began the quest for the
                  | Orb.
     0 | D:1      | Reached XP level 1. HP: 7/7 MP: 4/4
   151 | D:1      | Reached skill level 1 in Conjurations
   286 | D:1      | Reached XP level 2. HP: 11/11 MP: 1/6
  1101 | D:1      | Reached XP level 3. HP: 14/15 MP: 2/7
  1613 | D:2      | Reached skill level 1 in Fighting
  1655 | D:2      | Reached XP level 4. HP: 19/19 MP: 4/8
  2328 | D:2      | Found a shattered altar of Ashenzari.
  3401 | D:3      | Found an ancient bone altar of Kikubaaqudgha.
  3506 | D:3      | Reached XP level 5. HP: 22/22 MP: 10/10
  4182 | D:3      | Found an ancient bone altar of Kikubaaqudgha.
  4513 | D:4      | Learned a level 5 spell: Lightning Bolt
  4518 | D:4      | Learned a level 4 spell: Airstrike
  4646 | D:4      | Noticed Ijyb
  4680 | D:4      | Killed Ijyb
  4802 | D:4      | Gained mutation: You are covered in thick fur. (AC +2)
                  | [Felid growth]
  4802 | D:4      | Reached XP level 6. HP: 20/26 MP: 12/12
  4807 | D:4      | Noticed Eustachio
  4842 | D:4      | Killed Eustachio
  5248 | D:4      | Reached XP level 7. HP: 30/30 MP: 12/13
  5323 | D:4      | You fall into a shaft and drop 2 floors!
  5325 | D:6      | Found a bloodstained altar of Trog.
  5331 | D:5      | Entered Level 5 of the Dungeon
  5348 | D:5      | Slain by an ogre
  5349 | D:5      | Reached XP level 6. HP: -3/27 MP: 17/21
  5474 | D:5      | Noticed Menkaure
  5760 | D:5      | Found a shimmering altar of Xom.
  5961 | D:4      | Reached XP level 7. HP: 15/30 MP: 14/14
  6110 | D:4      | Found a glowing silver altar of Zin.
  6130 | D:4      | Noticed Pikel
  6140 | D:4      | HP: 1/30 [Pikel/+2 whip of flaming (9)]
  6140 | D:4      | Slain by Pikel
  6141 | D:4      | Reached XP level 6. HP: -2/27 MP: 12/22
  6166 | D:4      | Killed a slave
  6192 | D:4      | Noticed a slave
  6194 | D:4      | Noticed a slave
  6204 | D:4      | Killed Pikel
  6204 | D:4      | Reached skill level 5 in Dodging
  6204 | D:4      | Reached skill level 5 in Air Magic
  6204 | D:4      | Reached XP level 7. HP: 31/31 MP: 14/15
  6492 | D:5      | Reached skill level 5 in Spellcasting
  6753 | D:5      | Found a shimmering blue altar of Sif Muna.
  6775 | D:5      | Found a runed translucent door.
  6776 | D:5      | Noticed Crazy Yiuf
  7142 | D:5      | Killed Menkaure
  7142 | D:5      | Reached XP level 8. HP: 34/34 MP: 17/17
  7550 | D:5      | Killed Crazy Yiuf
  7550 | D:5      | Reached skill level 5 in Conjurations
  7622 | D:6      | Noticed a two-headed ogre
  8138 | D:6      | Found a white marble altar of Elyvilon.
  8174 | D:6      | Killed a two-headed ogre
  8174 | D:6      | Reached XP level 9. HP: 39/39 MP: 7/19
  8419 | D:6      | Found a radiant altar of Vehumet.
  8579 | D:6      | Found a staircase to the Ecumenical Temple.
  8583 | Temple   | Entered the Ecumenical Temple
  8917 | D:7      | Shot with an arrow by a centaur

Levels and vault maps discovered:
D:1:      dpeg_arrival_simpleton_a, layout_basic, chequers_serial_rivers_room_a
D:2:      layout_rooms, evilmike_ruin_ashenzari, first_ration
D:3:      layout_rooms, kiku_gazebo_garden_becter, serial_bayou,
          serial_bayou_shore_a, serial_bayou_shore_b, serial_bayou_pond_d,
          serial_bayou_lagoon_a
D:4:      minmay_general_purpose_star, layout_basic, lemuel_doored_altar,
          st_stairs_11, uniq_ijyb, uniq_eustachio, uniq_pikel
D:5:      layout_basic, marbit_many_paths, basic_altar, solitary_fountain,
          serial_bayou_crossing, uniq_menkaure, uniq_crazy_yiuf_cottage
D:6:      layout_basic, nicolae_overflow_crystal_walls, trog_ov_bears_minmay,
          nicolae_overflow_hidden_temple, kennysheep_mini_moat, temple_hall_moat
D:7:      layout_gridville, nicolae_qazlal_general_emergency, serial_shops,
          kennysheep_mini, the_bakery, yredelemnul_altar_generic,
          uniq_prince_ribbit1
Temple:   jpeg_temple_island

Skill      XL: |  1  2  3  4  5  6  7  8 |
---------------+-------------------------+-----
Conjurations   | 1 2 4 6 |  6.0
Air Magic      | 3 5 6 |  6.6
Dodging        | 3 5 6 |  6.5
Fighting       | 1 3 4 |  4.3
Spellcasting   | 3 4 5 6 |  6.3
Stealth        | |  2.6

Action                   |  1- 3 |  4- 6 |  7- 9 || total
-------------------------+-------+-------+-------++-------
Melee: Unarmed           |     7 |     5 |     7 ||    19
 Cast: Shock             |    81 |   235 |   117 ||   433
       Airstrike         |       |       |     9 ||     9
Evoke: Wand              |       |       |     3 ||     3
  Use: Scroll            |       |     6 |     2 ||     8
  Eat: Chunk             |    10 |    16 |     9 ||    35
Armor: Skin              |     2 |     7 |     1 ||    10
Dodge: Dodged            |    28 |    77 |    33 ||   138

Table legend:
 A = Non-vault XP
 B = Vault XP
 C = Vault XP percentage of total XP
 D = Non-vault monster count
 E = Vault monster count
 F = Vault count percentage of total count
                 A         B        C        D         E       F
            +---------+---------+-------+---------+---------+-------
      Total |    2706 |    1421 |  34.4 |     120 |      10 |   7.7
            +---------+---------+-------+---------+---------+-------
        D:1 |      55 |       0 |   0.0 |      32 |       0 |   0.0
        D:2 |      78 |       0 |   0.0 |      13 |       0 |   0.0
        D:3 |      92 |       0 |   0.0 |      27 |       0 |   0.0
        D:4 |     435 |     910 |  67.7 |      18 |       5 |  21.7
        D:5 |     560 |     264 |  32.0 |      16 |       3 |  15.8
        D:6 |    1453 |     247 |  14.5 |      13 |       2 |  13.3
        D:7 |      33 |       0 |   0.0 |       1 |       0 |   0.0
            +---------+---------+-------+---------+---------+-------
